 Dungeon Crawl Stone Soup version 0.29-a0-841-g116ddc6ace (webtiles) character file.

Game seed: 8268907352154215111

4725 xian the Cleaver (level 10, 0/104 HPs)
             Began as an Ogre Earth Elementalist on July 14, 2022.
             Was a Believer of Wu Jian.
             Slain by a seven-headed hydra (9 damage)
             ... on level 1 of the Lair of Beasts.
             The game lasted 00:23:54 (9723 turns).

xian the Cleaver (Ogre Earth Elementalist)          Turns: 9723, Time: 00:23:57

Health: 0/104      AC:  5    Str: 20    XL:     10   Next: 45%
Magic:  26/26      EV: 12    Int: 18    God:    Wu Jian [**....]
Gold:   321        SH:  0    Dex: 15    Spells: 6/19 levels left

rFire   . . .      SeeInvis .   f - +12 hand axe "Imp's Undoing" {drain, Str+4}
rCold   . . .      Faith    .   (no shield)
rNeg    . . .      Spirit   .   N - +2 robe {Archmagi}
rPois   .          Reflect  .   (helmet restricted)
rElec   .          Harm     .   (no cloak)
rCorr   .          Rampage  .   (gloves unavailable)
Will    +....      Archmagi +   (boots unavailable)
Stlth   +++.......              G - amulet of regeneration
HPRegen 1.07/turn               d - ring of magical power
MPRegen 0.20/turn               C - +6 ring of dexterity

@: no status effects
A: large, unfitting armour, tough skin 1
a: Renounce Religion, Wall Jump


You were on level 1 of the Lair of Beasts.
You worshipped Wu Jian.
Wu Jian was pleased with you.
You visited 3 branches of the dungeon, and saw 10 of its levels.
You also visited: Sewer.

You collected 421 gold pieces.
You spent 100 gold pieces at shops.

Inventory:

Hand Weapons
 f - the +12 hand axe "Imp's Undoing" (weapon) {drain, Str+4}
   (You found it in a sewer)

   A truly terrible weapon, it drains the life of any living foe it strikes.
   Str:       It affects your strength (+4).
Missiles
 q - 2 curare-tipped darts
 t - 10 poisoned darts
 H - 2 atropa-tipped darts
 I - 2 javelins
Armour
 N - a +2 robe of the Archmagi (worn)
Jewellery
 a - an amulet of reflection
 d - a ring of magical power (left hand)
 C - a +6 ring of dexterity (right hand)
 E - an amulet of faith
 G - an amulet of regeneration (around neck)
Scrolls
 g - 8 scrolls of teleportation
 h - 3 scrolls of enchant armour
 j - 5 scrolls of vulnerability
 k - 2 scrolls of brand weapon
 l - 5 scrolls of summoning
 v - a scroll of poison
 x - 3 scrolls of immolation
 y - a scroll of blinking
 B - 2 scrolls of enchant weapon
 D - a scroll of amnesia
 J - 3 scrolls of fog
Potions
 b - 2 potions of magic
 c - 2 potions of lignification
 e - 3 potions of degeneration {unknown}
 i - 3 potions of cancellation
 m - a potion of heal wounds
 n - 4 potions of might
 o - 2 potions of brilliance
 p - a potion of flight {unknown}
 r - a potion of invisibility {unknown}
 s - a potion of resistance {unknown}
 u - 2 potions of attraction {unknown}
 w - a potion of haste {unknown}
 z - 4 potions of curing
 A - a potion of berserk rage {unknown}
 M - a potion of ambrosia {unknown}


   Skills:
 + Level 7.8 Fighting
 + Level 9.7 Axes
 + Level 1.0(6.1) Polearms
 + Level 5.2 Dodging
 + Level 4.6 Stealth
 + Level 0.6 Unarmed Combat
 + Level 5.2 Spellcasting
 + Level 1.2 Conjurations
 + Level 0.8 Transmutations
 + Level 4.1 Earth Magic


You had 6 spell levels left.
You knew the following spells:

 Your Spells              Type           Power      Damage    Failure   Level
a - Sandblast             Erth           58%        2d13      2%          1
b - Passwall              Tmut/Erth      16%        N/A       7%          2
c - Stone Arrow           Conj/Erth      42%        3d9       13%         3
d - Summon Guardian Gole  Hex/Summ       7%         N/A       36%         3
e - Petrify               Tmut/Erth      20%        N/A       43%         4

Your spell library contained the following spells:

 Spells                   Type           Power      Damage    Failure   Level
 Summon Small Mammal      Summ           28%        N/A       13%         1
 Call Canine Familiar     Summ           7%         N/A       36%         3
 Irradiate                Conj/Tmut      6%         3d13      93%         5
 Blade Hands              Tmut           5%         N/A       95%         5
 Conjure Ball Lightning   Conj/Air       5%         3x3d6     100%        6
 Dragon Form              Tmut           5%         N/A       100%        7
 Discord                  Hex            3%         N/A       100%        8
 Disjunction              Tloc           3%         N/A       100%        8


Dungeon Overview and Level Annotations

Branches:
Dungeon (8/15)             Temple (1/1) D:4            Lair (1/6) D:8
  Sewer (visited)

Altars:
Ashenzari
Cheibriados
Dithmenos
Elyvilon
Fedhas
Gozag
Makhleb
Nemelex Xobeh
Okawaru
Qazlal
Ru
Sif Muna
Trog
Vehumet
Wu Jian
Yredelemnul
Zin
The Shining One

Shops:
D:5 *

Annotations:
D:8 Maurice


Innate Abilities, Weirdness & Mutations

You are too large for most types of armour.
You have tough skin. (AC +1)


Message History

The four-headed hydra grows two more!
You slash the six-headed hydra!
The six-headed hydra bites you but does no damage.
The six-headed hydra closely misses you.
The six-headed hydra bites you.
The six-headed hydra bites you but does no damage.
The six-headed hydra barely misses you. The six-headed hydra bites you!
You chop one of the six-headed hydra's heads off!
The five-headed hydra grows two more!
You slash the seven-headed hydra! You drain the seven-headed hydra.
You punch the seven-headed hydra, but do no damage.
The seven-headed hydra is moderately wounded.
The seven-headed hydra completely misses you.
The seven-headed hydra misses you. The seven-headed hydra bites you!
The seven-headed hydra bites you. x2; The seven-headed hydra bites you!
The seven-headed hydra closely misses you.
You barely miss the seven-headed hydra.
The seven-headed hydra is moderately wounded.
The seven-headed hydra bites you but does no damage. x2
The seven-headed hydra bites you!
The seven-headed hydra bites you but does no damage.
The seven-headed hydra bites you!
* * * LOW HITPOINT WARNING * * *
The seven-headed hydra bites you!
* * * LOW HITPOINT WARNING * * *
The seven-headed hydra bites you!
* * * LOW HITPOINT WARNING * * *
You feel much better.
A rime drake comes into view.
The seven-headed hydra closely misses you.
The seven-headed hydra bites you.
* * * LOW HITPOINT WARNING * * *
The seven-headed hydra barely misses you.
The seven-headed hydra bites you.
* * * LOW HITPOINT WARNING * * *
The seven-headed hydra bites you.
* * * LOW HITPOINT WARNING * * *
The seven-headed hydra bites you!
* * * LOW HITPOINT WARNING * * *
The seven-headed hydra bites you!
You die...

###
############P########.
.....................
#.##+.##............
.......#.(....###.####
#......#.........^...#..
#......#.....#..........
#......#........@D..=#
#......#.....#..†....#
.......#....#...........
.......#....#..^..##.#..
#......#.........#.# # .
####.###.....#.....#
...........#.#.8...#
.................#.k
.........


You could see a seven-headed hydra (drained) and a rime drake (wandering).

Vanquished Creatures
  A deep elf zephyrmancer (D:6)
  Pikel (D:8)
  A black mamba (Lair:1)
  A komodo dragon (Lair:1)
  A kobold demonologist (D:8)
  2 cane toads (Lair:1)
  Grinder (D:4)
  Sigmund (D:4)
  A water moccasin (D:6)
  An ice beast (D:6)
  An orc warrior (D:8)
  2 ogres
  2 lemures (D:8)
  A centaur (D:8)
  2 phantoms
  A gnoll sergeant (D:7)
  3 kobold brigands (Sewer)
  3 bullfrogs
  2 scorpions
  2 electric eels (Lair:1)
  3 howler monkeys (D:8)
  4 hounds
  3 jellies
  An iguana (D:5)
  5 orc wizards
  11 adders
  7 gnolls (D:7)
  5 river rats
  A shadow imp (D:6)
  2 white imps
  2 worms
  A dart slug (D:1)
  21 orcs
  3 bats (D:1)
  5 endoplasms
  3 giant cockroaches
  7 goblins
  6 hobgoblins
  3 jackals (D:1)
  2 quokkas
  11 ball pythons
  4 frilled lizards
  19 kobolds
  24 rats
183 creatures vanquished.

Vanquished Creatures (others)
  7 fungi
  5 plants
12 creatures vanquished.

Grand Total: 195 creatures vanquished

Notes
Turn   | Place    | Note
-------+----------+-------------------------------------------
     0 | D:1      | xian the Ogre Earth Elementalist began the quest for the
                  | Orb.
     0 | D:1      | Reached XP level 1. HP: 16/16 MP: 3/3
   202 | D:1      | Reached XP level 2. HP: 4/26 MP: 5/5
   476 | D:1      | Found a faded altar of an unknown god.
   922 | D:1      | Reached XP level 3. HP: 32/32 MP: 7/7
  2111 | D:3      | Found a glowing drain.
  2134 | D:3      | Reached XP level 4. HP: 33/40 MP: 9/9
  2178 | Sewer    | Entered a sewer
  2329 | Sewer    | HP: 2/40 [rat (2)]
  2339 | Sewer    | Reached skill level 1 in Fighting
  2639 | Sewer    | Noticed a kobold brigand
  2651 | Sewer    | Killed a kobold brigand
  2652 | Sewer    | Reached XP level 5. HP: 16/48 MP: 11/11
  3293 | Sewer    | Identified the +12 hand axe "Imp's Undoing" {drain, Str+4}
  3589 | Sewer    | Reached XP level 6. HP: 46/57 MP: 12/12
  3605 | Sewer    | Reached skill level 1 in Polearms
  3918 | Sewer    | Reached skill level 1 in Axes
  4596 | D:3      | Reached skill level 2 in Axes
  4596 | D:3      | Reached XP level 7. HP: 50/67 MP: 13/13
  4607 | D:3      | Learned a level 2 spell: Passwall
  4611 | D:3      | Learned a level 3 spell: Stone Arrow
  5140 | D:4      | Noticed Sigmund
  5151 | D:4      | Killed Sigmund
  5152 | D:4      | Reached skill level 3 in Axes
  5575 | D:4      | Found a staircase to the Ecumenical Temple.
  5584 | Temple   | Entered the Ecumenical Temple
  5697 | Temple   | Became a worshipper of the Wu Jian Council
  5785 | D:4      | Noticed Grinder
  5791 | D:4      | Paralysed by Grinder for 4 turns
  5811 | D:4      | Killed Grinder
  5812 | D:4      | Reached skill level 4 in Axes
  5812 | D:4      | Reached XP level 8. HP: 65/78 MP: 14/14
  5988 | D:4      | Found an opulent altar of Gozag.
  5988 | D:4      | Found a sacrificial altar of Ru.
  6379 | D:5      | Entered Level 5 of the Dungeon
  6610 | D:5      | Found Zonwit's Assorted Antiques.
  6637 | D:5      | Bought a scroll of identify for 50 gold pieces
  6637 | D:5      | Bought a scroll of identify for 50 gold pieces
  6840 | D:5      | Reached skill level 1 in Conjurations
  7562 | D:6      | Reached skill level 5 in Axes
  7635 | D:6      | Reached * piety under Wu Jian
  7636 | D:6      | Reached skill level 5 in Spellcasting
  7819 | D:6      | Reached skill level 5 in Fighting
  8169 | D:6      | Noticed a deep elf zephyrmancer
  8177 | D:6      | Killed a deep elf zephyrmancer
  8178 | D:6      | Reached skill level 6 in Axes
  8178 | D:6      | Reached XP level 9. HP: 80/89 MP: 16/16
  8724 | D:7      | Found a glowing golden altar of the Shining One.
  8724 | D:7      | Found a blossoming altar of Fedhas.
  8796 | D:7      | Reached skill level 7 in Axes
  9248 | D:8      | Noticed Pikel
  9257 | D:8      | Killed Pikel
  9258 | D:8      | Reached skill level 8 in Axes
  9300 | D:8      | Learned a level 3 spell: Summon Guardian Golem
  9305 | D:8      | Learned a level 4 spell: Petrify
  9386 | D:8      | Noticed a kobold demonologist
  9388 | D:8      | Found a broken altar of Ashenzari.
  9398 | D:8      | Noticed a smoke demon
  9403 | D:8      | Killed a kobold demonologist
  9446 | D:8      | Reached XP level 10. HP: 100/100 MP: 17/17
  9470 | D:8      | Noticed Maurice
  9475 | D:8      | Found a staircase to the Lair.
  9481 | Lair:1   | Entered Level 1 of the Lair of Beasts
  9483 | Lair:1   | Reached skill level 9 in Axes
  9585 | Lair:1   | Reached ** piety under Wu Jian
  9643 | Lair:1   | Noticed a black mamba
  9651 | Lair:1   | Killed a black mamba
  9661 | Lair:1   | Noticed a cane toad
  9666 | Lair:1   | Noticed a cane toad
  9668 | Lair:1   | Killed a cane toad
  9675 | Lair:1   | Killed a cane toad
  9676 | Lair:1   | Reached skill level 5 in Dodging
  9713 | Lair:1   | Noticed a five-headed hydra
  9723 | Lair:1   | Slain by a seven-headed hydra

Illustrated notes

Levels and vault maps discovered:
D:1:      lemuel_arrival_behind_the_door_small, layout_rooms,
          basic_ecumenical_altar, minivault_24, serial_bayou_ford_a
D:2:      layout_basic
D:3:      wander_river, layout_basic, cheibrodos_sewer_entry_sluice,
          hangedman_abyss_or_decor_stabs
D:4:      layout_basic, gammafunk_temple_overflow_elements,
          minmay_temple_entry_mini_moons, uniq_sigmund, uniq_grinder
D:5:      layout_layer_cave, serial_shops, nicolae_diamond_shop
D:6:      layout_basic, moated_statue, amcnicky_mini_rare_corridor_liquid,
          nrook_pool_corridor, guppyfry_early_elven_hall
D:7:      layout_rooms, gammafunk_temple_overflow_statue
D:8:      layout_basic, ashenzari_conservatory_becter,
          grunt_lair_entry_orc_guard_hut, minivault_1, uniq_amaemon,
          uniq_maurice, uniq_pikel
Temple:   compressed_dpeg_triangle_lava_temple
Lair:1:   layout_regular_city, grunt_megastairs_1, serial_bayou_shore_a

Skill      XL: |  1  2  3  4  5  6  7  8  9 10 |
---------------+-------------------------------+-----
Spellcasting   | 3 4 5 |  5.2
Earth Magic    | 3 4 |  4.1
Fighting       | 1 2 3 4 5 6 7 |  7.8
Dodging        | 2 3 4 5 |  5.2
Polearms       | 1 |  1.0
Stealth        | 2 3 4 |  4.6
Axes           | 2 4 6 8 9 |  9.7
Conjurations   | 1 |  1.2
Unarmed Combat | |  0.6
Transmutations | |  0.8

Action                   |  1- 3 |  4- 6 |  7- 9 | 10-12 || total
-------------------------+-------+-------+-------+-------++-------
Melee: Unarmed           |    62 |       |       |       ||    62
       Punch             |     1 |     1 |     2 |     1 ||     5
       Spear             |    12 |    44 |       |       ||    56
       Hand axe          |       |    67 |   156 |    38 ||   261
 Cast: Sandblast         |    43 |    16 |     1 |     1 ||    61
       Stone Arrow       |       |       |     4 |       ||     4
Invok: Lunge             |       |       |    18 |     4 ||    22
       Whirlwind         |       |       |     5 |     5 ||    10
  Use: Scroll            |     5 |     2 |    10 |       ||    17
       Potion            |       |     4 |       |     1 ||     5
 Stab: Sleeping          |       |       |     7 |       ||     7
       Distracted        |       |       |     2 |       ||     2
Armor: Robe              |    33 |    45 |    14 |    12 ||   104
Dodge: Dodged            |    60 |   102 |    61 |    29 ||   252

Table legend: (Time is in decaauts)
 A = Elapsed time spent in this place.
 B = Non-inter-level travel time spent in this place.
 C = Inter-level travel time spent in this place.
 D = Time resting spent in this place.
 E = Time spent auto-exploring this place.
 F = Levels seen in this place.
 G = Mean time per level.
                   A        B        C        D        E       F      G
               +--------+--------+--------+--------+--------+-----+--------+
         Total |   9892 |   9649 |    243 |      0 |   7370 |  11 |  899.3 |
       Dungeon |   7254 |   7019 |    235 |      0 |   5243 |   8 |  906.8 |
        Temple |    132 |    124 |      8 |      0 |     64 |   1 |  132.0 |
          Lair |    244 |    244 |      0 |      0 |    167 |   1 |  244.0 |
         Sewer |   2261 |   2261 |      0 |      0 |   1895 |   1 | 2261.0 |
               +--------+--------+--------+--------+--------+-----+--------+

Top non-repeatable levels by time:
   Sewer: 2261 daAuts
     D:4: 1199 daAuts
     D:5: 1130 daAuts
     D:1: 1111 daAuts
     D:6: 1108 daAuts
     D:2: 946 daAuts
     D:3: 897 daAuts
     D:7: 575 daAuts
     D:8: 284 daAuts
  Lair:1: 244 daAuts
  Temple: 132 daAuts
